cohdb
Replays
Latest Replays
All Replays
Popular Replays
Top Player Replays
Match Explorer
How It Works
Community
CoH3 Stats
Reddit
Sign in to upload your games and track your stats! →
Sign in with Steam
Match 41456084
Unlisted
Match 41456084
Overview
Messages
Build Orders
End
Construct Barracks
Selects Special Operations Battlegroup
Riflemen Squad
Riflemen Squad
Riflemen Squad
Air Support Center
Selects M29 Weasel with M1 Pack Howitzer
Grasshopper Recon Run
P-47 Dive Bomb
M29 Weasel with M1 Pack Howitzer
Selects Raiding Flares
Engineer Squad
Construct Motor Pool
P-47 Strafing Run
Grenade Package
M24 Chaffee Light Tank
Selects SSF Commando Squad
Grasshopper Recon Run
P-47 Strafing Run
P-47 Dive Bomb
Selects P-47 Anti-Infantry Loiter
Grasshopper Recon Run
P-47 Strafing Run
SSF Commando Squad
Selects Air Re-supply Operation
Grasshopper Recon Run
JuanPi_Art
ElShileno123
KevinTDW
Hunter
0
0
Comments
sign in to comment!
No comments posted yet!